 Dungeon Crawl Stone Soup version 0.24.0-1-gfbc8707122 (webtiles) character file.

Game seed: 8989152141173409316, levelgen mode: deterministic

99 Dwingvatt99 the Shield-Bearer (level 4, -4/29 HPs)
             Began as a Gargoyle Fighter on Oct 27, 2019.
             Killed by divine providence
             ... invoked by an orc priest
              (17 damage)
             ... on level 3 of the Dungeon.
             The game lasted 00:04:05 (1669 turns).

Dwingvatt99 the Shield-Bearer (Gargoyle Fighter)    Turns: 1669, Time: 00:04:06

Health: -4/29      AC: 12    Str: 25    XL:     4   Next: 72%
Magic:  4/4        EV:  7    Int:  8    God:
Gold:   83         SH: 10    Dex: 10    Spells: 3/3 levels left

rFire    . . .     SeeInvis .   a - +0 flail
rCold    . . .     Gourm    .   c - +0 shield
rNeg     + . .     Faith    .   b - +0 scale mail
rPois    ∞         Spirit   .   (no helmet)
rElec    +         Reflect  .   (no cloak)
rCorr    .         Harm     .   o - +0 pair of gloves
MR       .....                  e - +0 pair of boots
Stlth    ..........             (no amulet)
HPRegen  0.09/turn              (no ring)
MPRegen  0.09/turn              (no ring)

@: mighty
A: negative energy resistance 1, electricity resistance, unbreathing,
petrification resistance, rot immunity, AC +3
a: no special abilities


You were on level 3 of the Dungeon.
You were not hungry.

You visited 1 branch of the dungeon, and saw 3 of its levels.

You collected 83 gold pieces.

Inventory:

Hand Weapons
 a - a +0 flail (weapon)
 g - a +1 dagger of venom
   (You took it off a goblin on level 1 of the Dungeon)
Missiles
 i - 17 poisoned darts (quivered)
Armour
 b - a +0 scale mail (worn)
 c - a +0 shield (worn)
 e - a +0 pair of boots (worn)
   (You found it on level 1 of the Dungeon)
 o - a +0 pair of gloves (worn)
   (You found it on level 1 of the Dungeon)
 u - a +2 pair of gloves of dexterity
   (You found it on level 2 of the Dungeon)
Magical Staves
 v - an uncursed staff of poison
   (You found it on level 2 of the Dungeon)
Jewellery
 j - an uncursed ring of magical power {unknown}
   (You found it on level 1 of the Dungeon)
Scrolls
 r - a scroll of identify {@r1@r1}
Potions
 d - a potion of might
 h - a potion of agility {unknown}
 k - a potion of magic {unknown}
 l - 2 potions of brilliance {unknown}
 n - a potion of cancellation {unknown}
 s - a potion of lignification {unknown}
Comestibles
 f - 6 rations {!d!d}
 m - a chunk of flesh


   Skills:
 + Level 3.7 Fighting
 + Level 2.9 Maces & Flails
 * Level 1.2 Throwing
 + Level 3.7 Armour
 + Level 0.1 Dodging
 + Level 4.2 Shields


You had 3 spell levels left.
You didn't know any spells.
Your spell library was empty.

Dungeon Overview and Level Annotations

Branches:
Dungeon (3/15)

Altars:
Kikubaaqudgha


Innate Abilities, Weirdness & Mutations

You are resistant to torment.
Your stone body is resilient. (AC +3)
You are immune to poison.
You resist negative energy. (rN+)
You are resistant to electric shocks. (rElec)
You can survive without breathing.
You are immune to petrification.
You are immune to rotting.


Message History

No target in view!
No target in view!
No target in view!
No target in view!
No target in view!
No target in view!
Eating a chunk of flesh.
You eat the chunk of flesh.
You butcher the bat corpse.
m - a chunk of flesh You see here a bat skeleton. x2
Found 10 arrows.
f - 6 rations {!d!d} (gained 1)
You hear the slow rusting of a distant drain.
A rat comes into view.
Found a metallic orange potion.
You block the rat's attack.
An orc priest comes into view.
It is wielding a -2 short sword and wearing a +2 chain mail of fire resistance.
The rat barely misses you.
An orc wizard comes into view. It is wielding a +0 dagger.
An orc comes into view. It is wielding a +0 hand axe.
Found 20 stones.
The orc wizard gestures wildly while chanting.
The orc wizard seems to speed up.
You closely miss the rat. The rat bites you but does no damage.
The orc wizard casts a spell.
The orc wizard blinks!
You hit the rat but do no damage. The rat bites you but does no damage.
You sock the rat!
You kill the rat!
The orc priest mumbles some strange prayers to Beogh against you.
Beogh smites you!
The orc wizard mumbles some strange words.
The orc wizard blinks!
The orc priest invokes the aid of Beogh against you.
Pain shoots through your body!
* * * LOW HITPOINT WARNING * * *
You feel very mighty all of a sudden.
The orc priest hits you but does no damage.
You thump the orc priest! The orc priest closely misses you.
You block the orc priest's attack.
You barely miss the orc priest.
The orc priest hits you but does no damage.
You hit the orc priest.
The orc priest mumbles some strange prayers to Beogh against you.
You are unaffected.
You hit the orc priest. You block the orc priest's attack.
The orc priest calls down the wrath of Beogh upon you.
Beogh smites you!
Ouch! That really hurt!
You die...

....#####.##....# #.#
(.... ####.....### #.#
.... ##.......## ##.#
.... #........# #..# ...
#........# #.##
...##.#.#######.# ###
#.#.........# .
#.#.........# #.
#@#.........######
#..###o######.........#
.##...oo######.........#
..............#.........#
..#.....................#
........................#
(.......................#
........................#
......!............<....#


You could see an orc priest, an orc wizard and an orc.

Vanquished Creatures
  3 adders (D:2)
  4 oozes (D:1)
  3 worms
  A dart slug (D:2)
  A leopard gecko (D:1)
  7 giant cockroaches
  5 goblins
  4 jackals (D:1)
  A ball python (D:3)
  5 bats
  2 frilled lizards
  2 kobolds
  7 rats
45 creatures vanquished.

Notes
Turn   | Place    | Note
-------+----------+-------------------------------------------
     0 | D:1      | Dwingvatt99 the Gargoyle Fighter began the quest for the
                  | Orb.
     0 | D:1      | Reached XP level 1. HP: 14/14 MP: 1/1
     1 | D:1      | Found a runed translucent door.
   146 | D:1      | Reached XP level 2. HP: 14/19 MP: 2/2
   772 | D:1      | Reached XP level 3. HP: 17/23 MP: 3/3
   785 | D:1      | Reached skill level 1 in Throwing
   794 | D:1      | Reached skill level 4 in Shields
   827 | D:2      | Found an ancient bone altar of Kikubaaqudgha.
   912 | D:2      | Reached XP level 4. HP: 29/29 MP: 4/4
  1669 | D:3      | Killed from afar by an orc priest

Levels and vault maps discovered:
D:1:      dpeg_arrival_caged_fury, layout_basic
D:2:      layout_basic, kiku_gazebo_garden_becter, first_ration
D:3:      layout_rooms, yredelemnul_altar_generic,
          nicolae_overflow_crystal_walls, lemuel_doored_altar,
          gup_sewer_entry_bowl, minmay_fractal_squares_diagonal_5

Skill      XL: |  1  2  3 |
---------------+----------+-----
Throwing       | 1 |  1.2
Shields        | 4 |  4.2
Fighting       | |  3.7
Maces & Flails | |  2.9
Armour         | |  3.7
Dodging        | |  0.1

Action                   |  1- 3 |  4- 6 || total
-------------------------+-------+-------++-------
Melee: Flail             |    86 |   106 ||   192
  Use: Scroll            |       |     4 ||     4
       Potion            |       |     1 ||     1
  Eat: Chunk             |       |     3 ||     3
Armor: Scale mail        |    39 |   134 ||   173
Dodge: Dodged            |    29 |    53 ||    82
Block: Shield            |    44 |   107 ||   151
